 Dungeon Crawl Stone Soup version 0.17.0-24-gcfadda4 (webtiles) character file.

40 Fondut the Chiller (level 3, -4/25 HPs)
             Began as a Merfolk Ice Elementalist on Nov 17, 2015.
             Slain by a goblin
             ... wielding a +0 dagger
             ... led by Robin
              (5 damage)
             ... on level 2 of the Dungeon.
             The game lasted 00:04:15 (1031 turns).

Fondut the Chiller (Merfolk Ice Elementalist)       Turns: 1031, Time: 00:04:15

Health: -4/25      AC:  2    Str:  8    XL:     3   Next: 50%
Magic:  6/6        EV: 13    Int: 14    God:
Gold:   30         SH:  0    Dex: 15    Spells: 2 memorised, 2 levels left

rFire  . . .     SeeInvis .     o - +0 short sword (elec)
rCold  . . .     Clarity  .     a - +0 robe
rNeg   . . .     SustAt   .     (no shield)
rPois  .         Gourm    .     (no helmet)
rElec  .         Spirit   .     (no cloak)
rCorr  .         Warding  .     (no gloves)
rMut   .         Stasis   .     (no boots)
MR     .....                    (no amulet)
Stlth  ++........               (no ring)
                                (no ring)

@: not resistant to hostile enchantments, unstealthy
A: change form in water, swift swim
a: no special abilities


You were on level 2 of the Dungeon.
You were hungry.

You visited 1 branch of the dungeon, and saw 2 of its levels.

You collected 30 gold pieces.

Inventory:

Hand Weapons
 h - a +1 dagger of venom
 o - a +0 short sword of electrocution (weapon)
Missiles
 k - 2 tomahawks of returning (quivered)
Armour
 a - a +0 robe (worn)
Scrolls
 d - a scroll of blinking {unknown}
 e - a scroll of teleportation {unknown}
 i - a scroll of fog {unknown}
 l - 2 scrolls of amnesia {unknown}
 n - a scroll of identify {unknown}
 p - a scroll of enchant armour {unknown}
Potions
 f - a potion of curing {unknown}
 g - 2 potions of cancellation {unknown}
Books
 b - a book of Frost

   Spells                             Type                      Level
   a - Freeze                         Ice                          1
   b - Throw Frost                    Conjuration/Ice              2
   c - Ozocubu's Armour               Charms/Ice                   3
   d - Throw Icicle                   Conjuration/Ice              4
   e - Summon Ice Beast               Ice/Summoning                4
   f - Condensation Shield            Ice                          4
Comestibles
 c - a bread ration
 j - a chunk of flesh
 m - a slice of pizza


   Skills:
 + Level 0.4 Fighting
 + Level 3.2 Dodging
 - Level 2.1 Stealth
 - Level 2.3 Spellcasting
   Level 0.7 Conjurations
 * Level 0.7 Charms
 + Level 4.0 Ice Magic


You had 2 spell levels left.
You knew the following spells:

 Your Spells              Type           Power        Failure   Level  Hunger
a - Freeze                Ice            ##..         4%          1    #......
b - Ozocubu's Armour      Chrm/Ice       #.......     30%         3    ###....


Dungeon Overview and Level Annotations

Branches:
Dungeon (2/15)

Altars:

Annotations:
D:2 Robin


Message History

The goblin barely misses you. The goblin hits you with a dagger.
* * * LOW HITPOINT WARNING * * *
The goblin closely misses you. x2
You hit the hobgoblin.
There is a sudden explosion of sparks!
You kill the hobgoblin!
The goblin hits you but does no damage. The goblin barely misses you.
The goblin misses you.
You closely miss the hobgoblin. The goblin hits you but does no damage.
The hobgoblin hits you but does no damage.
The goblin hits you but does no damage. The goblin misses you.
You hit the hobgoblin but do no damage. The goblin completely misses you.
The goblin barely misses you. The hobgoblin completely misses you.
The goblin closely misses you.
You hit the hobgoblin but do no damage. The goblin barely misses you.
The goblin hits you but does no damage. The hobgoblin barely misses you.
The goblin barely misses you.
You hit the hobgoblin.
There is a sudden explosion of sparks!
You kill the hobgoblin!
The goblin hits you with a dagger.
You die...

#.....#..
#.....#.#
#.....#.#
#.....#.#
#.....#.# #
#.....#.#.#
#...).#.#.###..
#..lg.)gg......
#...#.#@#......
#.#.#.#g# ####.
# . ..#+#
...... .......
........ l.....


You could see Robin, 3 goblins and a giant newt.

Vanquished Creatures
  3 bats (D:1)
  2 giant cockroaches (D:1)
  7 goblins
  9 hobgoblins
  5 kobolds (D:1)
  4 giant newts (D:1)
  4 rats (D:1)
34 creatures vanquished.

Notes
Turn   | Place    | Note
--------------------------------------------------------------
     0 | D:1      | Fondut the Merfolk Ice Elementalist began the quest for the Orb.
     0 | D:1      | Reached XP level 1. HP: 13/13 MP: 3/3
   375 | D:1      | Reached XP level 2. HP: 19/19 MP: 5/5
   647 | D:1      | Reached skill level 4 in Ice Magic
   686 | D:1      | Reached XP level 3. HP: 12/24 MP: 6/6
   691 | D:1      | Learned a level 3 spell: Ozocubu's Armour
  1002 | D:2      | Noticed Robin
  1026 | D:2      | HP: 1/25 [goblin/dagger[Robin] (1)]
  1031 | D:2      | Slain by a goblin

Action                   || total
-------------------------++-------
Melee: Unarmed           ||     8
       Dagger            ||    12
       Short sword       ||    72
 Cast: Freeze            ||     7
       Ozocubu's Armour  ||     2
 Stab: Sleeping          ||     2
